[Event "*** Titled Tuesday 3|2 Blitz"]
[Site "Chess.com"]
[Date "2016.06.07"]
[Round "1"]
[White "kikydu96"]
[Black "akinov-akinseye"]
[Result "1-0"]
[WhiteElo "2369"]
[BlackElo "1685"]
[TimeControl "180+2"]
[EndTime "11:13:43 PDT"]
[Termination "kikydu96 won on time"]

1. e4 d5 2. exd5 Qxd5 3. Nc3 Qd6 4. d4 Nf6 5. Bd3 g6 6. Nge2 Bg7 7. Bf4 Qd8 8. O-O O-O 9. Qd2 Re8 10. Rfe1 a6 11. h3 b5 12. a3 Bb7 13. Rad1 e6 14. Bg5 Qd7 15. Qe3 Nd5 16. Nxd5 Qxd5 17. Nf4 Qxg5 18.
Be4 Bxe4 19. Qxe4 Nd7 20. g3 Nf6 21. Qf3 Nd5 22. Ng2 Qf5 23. Qe2 Qxh3 24. b3 Nf6 25. Ne3 Qh5 26. g4 Qg5 27. Qf3 Nd5 28. Ng2 Qf6 29. Qg3 Rad8 30. c4 bxc4 31. bxc4 Nb6 32.
Qxc7 Nc8 33. d5 exd5 34. cxd5 Rxe1+ 35. Rxe1 Qd6 36. Qb7 Qxd5 37. Qxd5 Rxd5 38. Re8+ Bf8 39. Rxc8 Ra5 40. Nf4 Rxa3 41. Nd5 Ra1+ 42. Kg2 Kg7 43. g5 a5 44. Nf6 a4 45. Ne8+ Kg8 46.
Nf6+ Kg7 47. Ra8 a3 48. Ne8+ Kg8 49. Nf6+ Kg7 50. Rc8 a2 51. Ra8 Rc1 52. Rxa2 Rc5 53.
f4 Rc4 54. Kf3 Be7 55. Nd5 Bd6 56. Ra6 Rd4 57. Rxd6 h6 58. Rd7 hxg5 59. fxg5 Rd3+ 60.
Kf4 Rd1 61. Nf6 Rf1+ 62. Ke4 Re1+ 63. Kd5 Rd1+ 64. Ke5 Re1+ 65. Ne4 Rg1 66. Ra7 Rg2 67. Kf4 Rg1 68. Nd6 Rf1+ 69. Ke3 Re1+ 70. Kf3 Rf1+ 71. Kg2 Rf4 72. Ne8+ Kf8 73. Nf6 Kg7 74. Ra8 Rxf6 75.
gxf6+ Kxf6 76. Kg3 g5 77. Kg4 Kg6 78. Ra6+ f6 79. Rb6 Kg7 80. Kf5 g4 81. Rxf6 g3 82. Rg6+ 1-0

[Event "*** Titled Tuesday 3|2 Blitz"]
[Site "Chess.com"]
[Date "2016.06.07"]
[Round "2"]
[White "Iball95"]
[Black "jcibarra"]
[Result "1/2-1/2"]
[WhiteElo "2471"]
[BlackElo "2656"]
[TimeControl "180+2"]
[EndTime "11:16:15 PDT"]
[Termination "Game drawn by agreement"]

1. e4 e5 2. Nf3 d6 3. d4 exd4 4. Nxd4 Nf6 5. Nc3 Be7 6. Be2 O-O 7. O-O Re8 8. Re1 Bf8 9. Bf1 Nbd7 10. h3 c6 11. Nb3 a5 12. a4 g6 13. Bf4 Ne5 14.
Qd2 Qc7 15. Rad1 Be6 16. Nd4 Bd7 17. Bg3 Nh5 1/2-1/2

[Event "*** Titled Tuesday 3|2 Blitz"]
[Site "Chess.com"]
[Date "2016.06.07"]
[Round "2"]
[White "Indianlad"]
[Black "yopino"]
[Result "1-0"]
[WhiteElo "2527"]
[BlackElo "2222"]
[TimeControl "180+2"]
[EndTime "11:16:34 PDT"]
[Termination "Indianlad won by resignation"]

1. Nf3 d5 2. c4 dxc4 3. e3 Nf6 4. Bxc4 e6 5. O-O Be7 6. b3 O-O 7. Bb2 c5 8. d4 cxd4 9. Nxd4 b6 10. Be2 Bb7 11. Bf3 Bxf3 12. Qxf3 Qd5 13. Nc3 Qxf3 14. gxf3 Nbd7 15. Nc6 Bd6 16. Rfd1 Bc7 17. Rac1 a6 18. Ne4 Nxe4 19. Rxd7 1-0

[Event "*** Titled Tuesday 3|2 Blitz"]
[Site "Chess.com"]
[Date "2016.06.07"]
[Round "2"]
[White "kikydu96"]
[Black "matej2221"]
[Result "0-1"]
[WhiteElo "2363"]
[BlackElo "2446"]
[TimeControl "180+2"]
[EndTime "11:16:38 PDT"]
[Termination "matej2221 won by checkmate"]

1. e4 e5 2. Nf3 Nc6 3. Bc4 Bc5 4. c3 Nf6 5. d4 exd4 6. cxd4 Bb4+ 7. Bd2 Bxd2+ 8. Nbxd2 d5 9. exd5 Nxd5 10. O-O O-O 11.
Ne4 Bg4 12. Be2 Re8 13. Ng3 Nf4 14. Bb5 Qd5 15. Bxc6 Qxc6 16. Ne5 Qxg2# 0-1

[Event "*** Titled Tuesday 3|2 Blitz"]
[Site "Chess.com"]
[Date "2016.06.07"]
[Round "2"]
[White "josiwales"]
[Black "silverback96"]
[Result "0-1"]
[WhiteElo "2109"]
[BlackElo "2044"]
[TimeControl "180+2"]
[EndTime "11:17:48 PDT"]
[Termination "silverback96 won by resignation"]

1. e4 e6 2. d3 d5 3. Qe2 Nc6 4. Nf3 Nf6 5. e5 Nd7 6. g3 f6 7. Bf4 fxe5 8. Nxe5 Ndxe5 9. Bxe5 Nxe5 10. Qxe5 Qf6 11. f4 Bd6 12. Qxf6 gxf6 13. d4 O-O 14. Bd3 e5 15. fxe5 fxe5 16. c3 Bg4 17.
dxe5 Bxe5 18. Na3 Rae8 19. Kd2 Rf2+ 20. Ke3 Bxg3+ 21. Kd4 Be5+ 22. Kc5 Bd6+ 23. Kb5 Rxb2+ 24. Ka4 Bd7+ 25. Nb5 a6 26. Rhg1+ Kh8 27. Raf1 axb5+ 0-1

[Event "*** Titled Tuesday 3|2 Blitz"]
[Site "Chess.com"]
[Date "2016.06.07"]
[Round "2"]
[White "AdrianaNikolova"]
[Black "Philofive"]
[Result "1-0"]
[WhiteElo "2317"]
[BlackElo "2346"]
[TimeControl "180+2"]
[EndTime "11:17:58 PDT"]
[Termination "AdrianaNikolova won by resignation"]

1. e4 e6 2. d4 d5 3. Nd2 Nf6 4. e5 Nfd7 5. c3 c5 6. f4 Nc6 7. Ndf3 Qb6 8. a3 cxd4 9. cxd4 f6 10. Bd3 Be7 11. b4 O-O 12. Bb2 f5 13. Ne2 Na5 14.
bxa5 Qxb2 15. O-O Bd8 16. Qa4 Nb8 17. Rfb1 Bd7 18. Qd1 1-0

[Event "*** Titled Tuesday 3|2 Blitz"]
[Site "Chess.com"]
[Date "2016.06.07"]
[Round "2"]
[White "WanderingPuppet"]
[Black "rookoco"]
[Result "0-1"]
[WhiteElo "2265"]
[BlackElo "2466"]
[TimeControl "180+2"]
[EndTime "11:18:09 PDT"]
[Termination "rookoco won by checkmate"]

1. e4 e6 2. d4 d5 3. e5 c5 4. c3 Bd7 5. Nf3 Qa5 6. Nbd2 cxd4 7. Nxd4 Nc6 8. N2b3 Qc7 9. f4 Nh6 10. Bd3 Be7 11. O-O O-O 12. Qe1 Kh8 13. Bd2 f6 14. Rc1 fxe5 15. Nxc6 bxc6 16. fxe5 c5 17. Bxh6 gxh6 18.
Bc2 Rxf1+ 19. Kxf1 Bg5 20. Kg1 Bxc1 21. Nxc1 Rf8 22. Qe3 Rf7 23. Nd3 d4 24. Qxh6 Bb5 25.
Nf4 Qxe5 26. Ng6+ Kg8 27. Nxe5 Rf1# 0-1

[Event "*** Titled Tuesday 3|2 Blitz"]
[Site "Chess.com"]
[Date "2016.06.07"]
[Round "2"]
[White "HansCoolNiemann"]
[Black "lionheart95"]
[Result "1-0"]
[WhiteElo "2288"]
[BlackElo "2349"]
[TimeControl "180+2"]
[EndTime "11:18:33 PDT"]
[Termination "HansCoolNiemann won by resignation"]

1. d4 Nf6 2. Bf4 g6 3. e3 Bg7 4.
Nf3 O-O 5. Be2 d6 6. O-O Nbd7 7.
c4 b6 8. Nc3 Bb7 9. h3 Re8 10.
b4 e5 11. Bh2 Qe7 12. Qc2 a6 13. a4 a5 14. bxa5 Rxa5 15. Rfb1 Rea8 16. Nd2 exd4 17.
exd4 Rg5 18. Bf3 Bxf3 19. Nxf3 Rga5 20. Nd2 Qe6 21. Re1 Qf5 22. Qxf5 Rxf5 23. Nb5 Ne8 24.
Re7 Rd8 25. Rae1 Kf8 26. Nxc7 Nxc7 27. Bxd6 Bxd4 28. Nf3 Bc5 29. Rxd7+ 1-0

[Event "*** Titled Tuesday 3|2 Blitz"]
[Site "Chess.com"]
[Date "2016.06.07"]
[Round "2"]
[White "playerzr"]
[Black "ChessWarrior7197"]
[Result "0-1"]
[WhiteElo "1928"]
[BlackElo "2518"]
[TimeControl "180+2"]
[EndTime "11:18:35 PDT"]
[Termination "ChessWarrior7197 won by resignation"]

1. d4 Nf6 2. c4 e6 3. g3 d5 4. Bg2 Bb4+ 5. Bd2 Be7 6. Nf3 O-O 7. Qc2 c6 8. b3 b6 9. O-O Nbd7 10. cxd5 cxd5 11.
Bf4 Ba6 12. Rc1 Rc8 13. Qb2 Rxc1+ 14. Bxc1 Ne4 15. e3 Qc7 16. Nbd2 Nc3 17. a4 Rc8 18. Bf1 Ne2+ 19. Bxe2 Bxe2 20. Ne1 Bb4 21. f3 Bc3 0-1

[Event "*** Titled Tuesday 3|2 Blitz"]
[Site "Chess.com"]
[Date "2016.06.07"]
[Round "2"]
[White "CM_Perligero"]
[Black "SidArun"]
[Result "1-0"]
[WhiteElo "2074"]
[BlackElo "2073"]
[TimeControl "180+2"]
[EndTime "11:19:03 PDT"]
[Termination "CM_Perligero won by resignation"]

1. d4 Nf6 2. c4 c5 3. d5 e6 4.
Nc3 exd5 5. cxd5 d6 6. e4 g6 7. f3 Bg7 8. Bf4 O-O 9. Qd2 Re8 10. Bh6 Nxe4 11. fxe4 Qh4+ 12. g3 Qxh6 13. Qxh6 Bxh6 14.
Bg2 f5 15. Nb5 Na6 16. Nxd6 Bd7 17. Nxe8 Rxe8 18. Ne2 Be3 19. Nc3 fxe4 20. Ke2 Bd4 21. Rad1 Bg4+ 22. Kd2 e3+ 23. Kc1 Bxd1 24. Kxd1 Nb4 25.
Ne4 Nxd5 26. Nd6 Rd8 27. Nxb7 Bxb2 28. Nxd8 Nc3+ 29. Kc2 1-0

[Event "*** Titled Tuesday 3|2 Blitz"]
[Site "Chess.com"]
[Date "2016.06.07"]
[Round "2"]
[White "Makalexa"]
[Black "rdclayton"]
[Result "0-1"]
[WhiteElo "2149"]
[BlackElo "2056"]
[TimeControl "180+2"]
[EndTime "11:19:11 PDT"]
[Termination "rdclayton won by resignation"]

1. e4 d6 2. d4 Nf6 3. Nc3 a6 4. f3 b5 5. Be3 Nbd7 6. Qd2 e5 7. Nce2 Bb7 8. g4 d5 9. g5 dxe4 10. Bg2 Nd5 11. fxe4 Nxe3 12. Qxe3 exd4 13. Qxd4 Qxg5 14. Bh3 Ne5 15. Ng3 Rd8 16. Qf2 Bc5 17. Qxc5 Nf3+ 18.
Nxf3 Qxc5 19. Nf5 Bxe4 0-1

[Event "*** Titled Tuesday 3|2 Blitz"]
[Site "Chess.com"]
[Date "2016.06.07"]
[Round "2"]
[White "Elshan1985"]
[Black "Cruel_Yaro"]
[Result "1-0"]
[WhiteElo "2600"]
[BlackElo "2545"]
[TimeControl "180+2"]
[EndTime "11:19:23 PDT"]
[Termination "Elshan1985 won by resignation"]

1. Nf3 f5 2. c4 Nf6 3. g3 e6 4. Bg2 Be7 5. d4 O-O 6. O-O d5 7.
b3 c6 8. Ba3 Bxa3 9. Nxa3 Qe7 10. Nc2 b6 11. Nce1 Bb7 12. Nd3 Nbd7 13. Qc2 c5 14.
Rac1 dxc4 15. Qxc4 Rfc8 16. Nf4 Nf8 17. dxc5 Rxc5 18.
Qb4 Rac8 19. Rxc5 Qxc5 20. Qa4 b5 21. Qa5 b4 22. Qxc5 Rxc5 23. Nd3 Rb5 24. Nd4 Rb6 25.
Bxb7 Rxb7 26. Rc1 Nd5 27. Rc8 Kf7 28. Nc6 1-0

[Event "*** Titled Tuesday 3|2 Blitz"]
[Site "Chess.com"]
[Date "2016.06.07"]
[Round "2"]
[White "dretch"]
[Black "AndreyOstrovskiy"]
[Result "1-0"]
[WhiteElo "2597"]
[BlackElo "2442"]
[TimeControl "180+2"]
[EndTime "11:19:31 PDT"]
[Termination "dretch won by resignation"]

1. d4 Nf6 2. c4 e6 3. Nc3 Bb4 4. Qc2 O-O 5. e4 d6 6. a3 Bxc3+ 7. bxc3 e5 8. Bd3 b6 9. Ne2 Bb7 10. O-O Re8 11. Ng3 Nc6 12. f4 exd4 13. Bb2 dxc3 14. Bxc3 Nd7 15. e5 g6 16. e6 Nc5 17. exf7+ Kxf7 18. f5 g5 19. f6 Re3 20. Bxh7 Rxc3 21. Qg6+ Ke6 22. f7+ Kd7 23. f8=R Qxf8 24. Rxf8 Rxf8 25.
Qg7+ Ne7 26. Qxc3 1-0

[Event "*** Titled Tuesday 3|2 Blitz"]
[Site "Chess.com"]
[Date "2016.06.07"]
[Round "2"]
[White "StoreySniper"]
[Black "mwpchess"]
[Result "0-1"]
[WhiteElo "2317"]
[BlackElo "2354"]
[TimeControl "180+2"]
[EndTime "11:19:35 PDT"]
[Termination "mwpchess won by resignation"]

1. e4 c6 2. d4 d5 3. Nc3 dxe4 4. Nxe4 Bf5 5. Ng3 Bg6 6. Nh3 e6 7. Nf4 Qc7 8. Nxg6 hxg6 9. Bd3 Nf6 10. O-O Nbd7 11.
c4 Bd6 12. Be3 O-O-O 13. b4 Ng4 14. Qxg4 Nf6 15. Qf3 Rh4 16. Bg5 Rxd4 17. Bxf6 gxf6 18. Be2 f5 19. c5 Be5 20. Rad1 Rxb4 21. Rxd8+ Qxd8 22. Rd1 Rd4 23. Rxd4 Qxd4 24. Qe3 Qa1+ 25. Nf1 Bd4 26.
Qa3 Qe1 27. Qf3 Bxc5 28. g3 g5 29. Kg2 g4 30. Qf4 Qxe2 31. Nd2 Qd3 32. Nb3 Bb6 33. h4 gxh3+ 34. Kxh3 Qf1+ 35. Kh4 Qxf2 36. Kg5 Be3 0-1

[Event "*** Titled Tuesday 3|2 Blitz"]
[Site "Chess.com"]
[Date "2016.06.07"]
[Round "2"]
[White "ShimanovAlex"]
[Black "aspired"]
[Result "1-0"]
[WhiteElo "2661"]
[BlackElo "2510"]
[TimeControl "180+2"]
[EndTime "11:20:02 PDT"]
[Termination "ShimanovAlex won by resignation"]

1. d4 d5 2. Bf4 Nf6 3. e3 c5 4. Nf3 e6 5. Nbd2 Bd6 6. Bg3 O-O 7.
c3 b6 8. Ne5 Qe7 9. f4 Nfd7 10.
Bd3 f5 11. Qe2 Bb7 12. h4 Nc6 13. h5 Bxe5 14. fxe5 a5 15. Bf4 a4 16. a3 Kh8 17.
g4 cxd4 18. exd4 fxg4 19. Qxg4 Ba6 20. Bc2 Qf7 21. Bg3 Ne7 22. O-O-O Nf5 23. Rde1 b5 24. Rhg1 Nb6 25. Bh4 Ra7 26. Bg5 Nc4 27. Nxc4 dxc4 28. d5 Bc8 29. d6 h6 30. Be3 Bd7 31. Bxa7 1-0

[Event "*** Titled Tuesday 3|2 Blitz"]
[Site "Chess.com"]
[Date "2016.06.07"]
[Round "2"]
[White "Yaacovn"]
[Black "E-Shaposhnikov"]
[Result "0-1"]
[WhiteElo "2631"]
[BlackElo "2542"]
[TimeControl "180+2"]
[EndTime "11:20:12 PDT"]
[Termination "E-Shaposhnikov won by resignation"]

1. d4 Nf6 2. Nf3 e6 3. c4 b6 4. g3 Ba6 5. Qc2 Bb7 6. Bg2 c5 7. dxc5 bxc5 8. O-O Be7 9. Nc3 O-O 10. Rd1 Nc6 11.
Bf4 d6 12. Nb5 d5 13. cxd5 exd5 14. Nh4 Nb4 15. Qb1 Bc6 16. Nc7 Nh5 17. Be5 Bxh4 18.
gxh4 Qe7 19. Qf5 g6 20. Qg5 f6 21. Qd2 Qxe5 22. Nxa8 Nf4 23. Bf3 Bxa8 24. a3 Na6 25. e3 Nh3+ 26. Kg2 Qf5 27. Bxd5+ Kg7 28. Bxa8 Qg4+ 29.
Kh1 Rd8 30. f3 Rxd2 31. fxg4 Rxd1+ 32. Rxd1 Nf2+ 33. Kg2 Nxd1 34. Kf3 0-1

[Event "*** Titled Tuesday 3|2 Blitz"]
[Site "Chess.com"]
[Date "2016.06.07"]
[Round "2"]
[White "andretta"]
[Black "iaraldinho"]
[Result "1/2-1/2"]
[WhiteElo "2175"]
[BlackElo "2458"]
[TimeControl "180+2"]
[EndTime "11:20:19 PDT"]
[Termination "Game drawn by agreement"]

1. b3 f5 2. Bb2 Nf6 3. Bxf6 exf6 4. e3 d5 5. d4 Bd6 6. g3 O-O 7. Bg2 Be6 8. Ne2 c5 9. O-O Nc6 10. c3 Bf7 11. Nd2 Rc8 12. c4 cxd4 13. Nxd4 Nxd4 14.
exd4 Bb4 15. cxd5 Bxd5 16. Nc4 Bxg2 17. Kxg2 Bc3 18. Rc1 Bxd4 19. Qf3 b5 20. Ne3 Rxc1 21. Rxc1 Bxe3 22. Qxe3 Qd5+ 23. Qf3 Rd8 24. Qxd5+ Rxd5 25. Rc8+ Kf7 26. Rc7+ Kg6 27. Rxa7 Rd2 28. a4 bxa4 29. bxa4 Ra2 30. a5 Kh6 31. a6 g5 32. Ra8 Kg7 33.
Ra7+ Kg6 34. h3 h5 35. h4 Ra3 36. Ra8 gxh4 37. gxh4 f4 38. a7 Kf5 39. Kh2 Ra6 40. Kg2 Ra2 41. Kf3 Ra3+ 42. Kg2 Ra2 1/2-1/2

[Event "*** Titled Tuesday 3|2 Blitz"]
[Site "Chess.com"]
[Date "2016.06.07"]
[Round "2"]
[White "dabee"]
[Black "ZivkovicN"]
[Result "1-0"]
[WhiteElo "2435"]
[BlackElo "2374"]
[TimeControl "180+2"]
[EndTime "11:20:22 PDT"]
[Termination "dabee won by resignation"]

1. d4 Nf6 2. Bg5 d5 3. e3 c5 4. c3 Nc6 5. Nf3 Ne4 6. Bf4 Qb6 7.
Qb3 c4 8. Qc2 Bf5 9. Qc1 h6 10.
Nbd2 e6 11. Nxe4 Bxe4 12. Nd2 Bg6 13. e4 Be7 14. Be2 O-O 15. O-O Qd8 16. Re1 Bd6 17. Bxd6 Qxd6 18. Bf3 b5 19. b3 a5 20. exd5 exd5 21.
a4 cxb3 22. axb5 Na7 23. Rxa5 Bc2 24. Qb2 Qb6 25. Rea1 Rfd8 26. Nxb3 Be4 27. Bxe4 dxe4 28. Nc5 Re8 29. Ra6 Qb8 30. b6 1-0

[Event "*** Titled Tuesday 3|2 Blitz"]
[Site "Chess.com"]
[Date "2016.06.07"]
[Round "2"]
[White "norwaytoadog"]
[Black "RamonManon0g"]
[Result "1-0"]
[WhiteElo "2057"]
[BlackElo "2110"]
[TimeControl "180+2"]
[EndTime "11:20:22 PDT"]
[Termination "norwaytoadog won by resignation"]

1. e4 c6 2. d4 d5 3. Nc3 dxe4 4. Nxe4 Nf6 5. Ng5 h6 6. N5f3 Bg4 7. h3 Bh5 8. Be2 e6 9. Ne5 Bxe2 10. Nxe2 Nbd7 11.
Nf3 Bd6 12. O-O O-O 13. Bf4 Bxf4 14. Nxf4 Qb6 15. b3 Rad8 16. Qe2 Rfe8 17. Rfe1 Nd5 18.
Nh5 N7f6 19. Nxf6+ Nxf6 20. c3 c5 21. dxc5 Qxc5 22. c4 Rd7 23. Ne5 Rd6 24. Rad1 Rc8 25. Qf3 b6 26. Rxd6 Qxd6 27. Qb7 Rc7 28. Qb8+ Kh7 29. Nxf7 Qd2 30. Qh8+ Kg6 31. Ne5+ Kf5 32. Re3 Ne4 33. Qh7+ Kxe5 34. Qxe4+ Kd6 35. Rd3+ Kc5 36.
Rxd2 1-0

[Event "*** Titled Tuesday 3|2 Blitz"]
[Site "Chess.com"]
[Date "2016.06.07"]
[Round "2"]
[White "gmcorrales"]
[Black "Boorchess"]
[Result "1-0"]
[WhiteElo "2542"]
[BlackElo "2371"]
[TimeControl "180+2"]
[EndTime "11:20:23 PDT"]
[Termination "gmcorrales won by resignation"]

1. d4 e6 2. e4 d5 3. Nc3 Bb4 4.
exd5 exd5 5. Bd3 Nc6 6. Ne2 Nge7 7. O-O Bf5 8. Ng3 Bxd3 9. Qxd3 O-O 10. Bg5 Qd7 11. Bxe7 Nxe7 12. Rae1 c6 13. Re5 f6 14. Rh5 g6 15. Rh3 Rfe8 16. Nd1 Nc8 17. Ne3 Bf8 18.
f4 Nd6 19. f5 g5 20. Nh5 Bg7 21. Ng4 Ne4 22. Nxg7 Kxg7 23. Rh6 Rf8 24. Qh3 Kh8 25. Rg6 Rf7 26. Qh6 Qe7 27. Re1 Raf8 28. c3 Qd7 29.
Rf1 Qe7 30. Rf3 Nd6 31. Ne5 Rg7 32. Rxg7 Qxg7 33. Ng6+ Kg8 34. Qxg7+ Kxg7 35. Nxf8 Kxf8 36. g4 Ne4 37. Re3 b5 38. Kg2 Kg7 39. Kf3 Nd2+ 40. Ke2 1-0

[Event "*** Titled Tuesday 3|2 Blitz"]
[Site "Chess.com"]
[Date "2016.06.07"]
[Round "2"]
[White "Durarbayli"]
[Black "Newlight1"]
[Result "1-0"]
[WhiteElo "2372"]
[BlackElo "2163"]
[TimeControl "180+2"]
[EndTime "11:20:24 PDT"]
[Termination "Durarbayli won by checkmate"]

1. e4 c5 2. Nf3 e6 3. d4 cxd4 4. Nxd4 Nc6 5. Nc3 Nf6 6. Ndb5 d6 7. Bf4 e5 8. Bg5 a6 9. Na3 b5 10. Nd5 Be7 11. Bxf6 Bxf6 12. c4 b4 13. Nc2 O-O 14. Qf3 Bg5 15. h4 Bh6 16. g4 f6 17. Be2 Rb8 18.
b3 Be6 19. Rd1 Qd7 20. Qg3 a5 21. g5 fxg5 22. hxg5 Bxg5 23. Qxg5 Bxd5 24. cxd5 Nd8 25.
Ne3 Nf7 26. Qg3 h6 27. Bg4 Qa7 28. Be6 Rbe8 29. Nf5 Rxe6 30. dxe6 Ng5 31. e7 Re8 32. Nxh6+ gxh6 33. Rxh6 Rxe7 34. Qxg5+ Rg7 35. Qd8+ Kf7 36.
Rf6# 1-0

[Event "*** Titled Tuesday 3|2 Blitz"]
[Site "Chess.com"]
[Date "2016.06.07"]
[Round "2"]
[White "Lukianoo"]
[Black "gmsakk"]
[Result "1-0"]
[WhiteElo "2605"]
[BlackElo "2545"]
[TimeControl "180+2"]
[EndTime "11:20:29 PDT"]
[Termination "Lukianoo won by checkmate"]

1. e4 c5 2. b3 Nf6 3. e5 Nd5 4. Nc3 Nxc3 5. dxc3 g6 6. Bf4 Bg7 7. Nf3 O-O 8. Bc4 d6 9. O-O dxe5 10. Nxe5 Nd7 11.
Qe2 Nxe5 12. Bxe5 Bf5 13. Rad1 Qb6 14. Bxg7 Kxg7 15. Rfe1 Rfe8 16. g4 Bc8 17. Rd3 e5 18.
Re3 f6 19. f4 e4 20. Rxe4 Rxe4 21. Qxe4 Bxg4 22. Qe7+ Kh6 23. Qf7 Qd6 24. Re7 Rh8 25. Qg7+ Kh5 26. Qxh7+ Rxh7 27. Rxh7# 1-0

[Event "*** Titled Tuesday 3|2 Blitz"]
[Site "Chess.com"]
[Date "2016.06.07"]
[Round "2"]
[White "Keaton87"]
[Black "162a54f5d"]
[Result "1-0"]
[WhiteElo "2481"]
[BlackElo "2195"]
[TimeControl "180+2"]
[EndTime "11:20:34 PDT"]
[Termination "Keaton87 won by resignation"]

1. e4 e5 2. Nf3 Nc6 3. Bb5 a6 4. Ba4 Nf6 5. d4 exd4 6. O-O Be7 7. Re1 O-O 8. e5 Nd5 9. Nxd4 Nb6 10. Bb3 Nxd4 11.
Qxd4 d5 12. exd6 Bxd6 13. Bf4 Bxf4 14. Qxf4 Nd5 15. Bxd5 Qxd5 16. Qxc7 Be6 17. Nc3 Qd2 18. Qxb7 Qxc2 19. Rac1 Qg6 20. Qf3 Rab8 21. b3 Rfd8 22. Qg3 Qxg3 23. hxg3 Rd2 24. Red1 Rxd1+ 25. Rxd1 Kf8 26.
Rd6 Ra8 27. Ne4 Ke7 28. Rb6 a5 29. Nc5 Rc8 30. Nxe6 fxe6 31. Rb7+ Kf6 32. Ra7 Rc5 33. g4 h6 34. Kh2 g6 35. Kg3 h5 36. gxh5 Rxh5 37.
a4 Rc5 38. Rb7 Ke5 39. Kg4 Kd4 40. Rb6 Re5 41. f4 Re2 42. g3 Re3 43. Rb5 Kc3 44. Rxa5 Kxb3 45. Re5 Rc3 46. Rxe6 Kxa4 47. Rxg6 Kb5 48.
Rd6 Kc5 1-0

[Event "*** Titled Tuesday 3|2 Blitz"]
[Site "Chess.com"]
[Date "2016.06.07"]
[Round "2"]
[White "Semetey"]
[Black "Dlugy"]
[Result "0-1"]
[WhiteElo "2447"]
[BlackElo "2601"]
[TimeControl "180+2"]
[EndTime "11:20:37 PDT"]
[Termination "Dlugy won by resignation"]

1. b3 d5 2. Bb2 c5 3. Nf3 Bg4 4. Ne5 Bf5 5. e3 a6 6. f4 Nd7 7. Nf3 Ngf6 8. Be2 e6 9. O-O h6 10. d3 Bh7 11. Qe1 Qc7 12. Nbd2 Bd6 13. c4 d4 14.
exd4 Bxf4 15. dxc5 Nxc5 16. d4 Nd3 17. Bxd3 Bxd3 18.
Rf2 Ng4 19. h3 Nxf2 20. Qxf2 O-O 21. d5 exd5 22. Qd4 f6 23. Qxd5+ Kh8 24. Qxd3 Rad8 25.
Qe2 Rfe8 26. Ne4 f5 27. Nh4 Rxe4 28. Qh5 Be3+ 29. Kh1 Bd4 30. Bxd4 Rexd4 31. Nxf5 Qe5 32. Rf1 Rf4 33. Rxf4 Qxf4 34. Ne7 Qg5 35. Qe2 Re8 36. Ng6+ Qxg6 37. Qxe8+ Qxe8 0-1

[Event "*** Titled Tuesday 3|2 Blitz"]
[Site "Chess.com"]
[Date "2016.06.07"]
[Round "2"]
[White "GMHess"]
[Black "Imre91"]
[Result "1-0"]
[WhiteElo "2567"]
[BlackElo "2558"]
[TimeControl "180+2"]
[EndTime "11:20:39 PDT"]
[Termination "GMHess won by resignation"]

1. c4 c5 2. Nc3 g6 3. e3 Bg7 4. d4 cxd4 5. exd4 Nf6 6. Nf3 O-O 7. d5 d6 8. Be2 Bf5 9. O-O Na6 10. Nd4 Bd7 11.
b3 Nc5 12. Bb2 a5 13. Rc1 Rc8 14. Re1 Re8 15. Bf3 Qb6 16. h3 a4 17. Ndb5 axb3 18. axb3 Bxb5 19. Nxb5 Nfd7 20. Bxg7 Kxg7 21. Bg4 Rcd8 22. Bxd7 Nxd7 23. Rc3 Nf6 24. Rce3 Ng8 25. Qa1+ f6 26. Nd4 Ra8 27. Ne6+ Kf7 28. Qc3 Ra2 29. b4 Rc8 30. h4 Qa6 31. c5 Qb5 32. h5 dxc5 33. hxg6+ hxg6 34. bxc5 Qb2 35. Qxb2 Rxb2 36. Rh3 f5 37. Ng5+ Ke8 38. d6 Kd7 39. dxe7 Re8 40. Rd3+ Kc8 41. Rd8+ Rxd8 42. e8=Q 1-0

[Event "*** Titled Tuesday 3|2 Blitz"]
[Site "Chess.com"]
[Date "2016.06.07"]
[Round "2"]
[White "saraswathii"]
[Black "akinov-akinseye"]
[Result "0-1"]
[WhiteElo "1913"]
[BlackElo "1698"]
[TimeControl "180+2"]
[EndTime "11:20:44 PDT"]
[Termination "akinov-akinseye won by resignation"]

1. e4 d5 2. exd5 Qxd5 3. Nc3 Qd6 4. Nf3 Nf6 5. d4 g6 6. h3 Bg7 7. Bc4 O-O 8. O-O a6 9. Ne2 b5 10. Bf4 Qb6 11. Bb3 Bb7 12. Ne5 Nc6 13. c3 Nxe5 14. dxe5 Rfd8 15. Qe1 Nh5 16. Bh2 Bh6 17. e6 f6 18. Rd1 c5 19. Rd7 Rxd7 20. exd7+ c4 21. Bc2 Rd8 22. Nd4 e5 23. Bxe5 fxe5 24. Qxe5 Nf6 25.
Ne6 Nxd7 26. Qe2 Re8 27. Re1 Nc5 0-1

[Event "*** Titled Tuesday 3|2 Blitz"]
[Site "Chess.com"]
[Date "2016.06.07"]
[Round "2"]
[White "lukas_111111"]
[Black "VSERGUEI"]
[Result "0-1"]
[WhiteElo "2208"]
[BlackElo "2499"]
[TimeControl "180+2"]
[EndTime "11:20:46 PDT"]
[Termination "VSERGUEI won by resignation"]

1. e4 e6 2. d4 d5 3. Nc3 Nf6 4. e5 Nfd7 5. f4 c5 6. Nf3 Nc6 7. Be3 Be7 8. Qd2 O-O 9. dxc5 Qa5 10. O-O-O b6 11. cxb6 axb6 12. Bb5 Nb4 13. a3 Na2+ 14. Nxa2 Qxb5 15. Nd4 Qa4 16. Nb4 Bb7 17. Qc3 Nc5 18. f5 Rfc8 19. fxe6 fxe6 20. Kb1 Ra7 21. Rhf1 Rca8 22. Bc1 Ne4 23. Qh3 Qxb4 24. Qxe6+ Kh8 25. Nb3 Rxa3 26. bxa3 Nc3+ 27. Kb2 Nxd1+ 28. Rxd1 Qxa3+ 29. Kc3 Qb4+ 30. Kd3 Qe4+ 31. Kd2 Bg5+ 32. Kc3 Rc8+ 0-1

[Event "*** Titled Tuesday 3|2 Blitz"]
[Site "Chess.com"]
[Date "2016.06.07"]
[Round "2"]
[White "theprosecution1"]
[Black "MinhGTrAn"]
[Result "0-1"]
[WhiteElo "2443"]
[BlackElo "2617"]
[TimeControl "180+2"]
[EndTime "11:20:58 PDT"]
[Termination "MinhGTrAn won on time"]

1. e4 c5 2. Nf3 d6 3. d4 cxd4 4. Nxd4 Nf6 5. Nc3 a6 6. Be2 e5 7. Nb3 Be6 8. f4 Qc7 9. g4 exf4 10. g5 Nfd7 11. Bxf4 Ne5 12. Qd2 Nbd7 13. O-O-O Nb6 14.
Kb1 Rc8 15. Na5 Be7 16. h4 O-O 17. h5 Rfd8 18. Rh2 Nbd7 19. Nd5 Bxd5 20. exd5 Re8 21. Rg1 Bd8 22. Nb3 Nc5 23. Nxc5 Qxc5 24. Rgh1 Ba5 25. c3 Nc4 26. Bxc4 Qxc4 27. g6 Qe4+ 28. Ka1 Rc5 29. gxf7+ Kxf7 30. Bxd6 Rxd5 31. Qf2+ Kg8 32. Rf1 Rf5 0-1

[Event "*** Titled Tuesday 3|2 Blitz"]
[Site "Chess.com"]
[Date "2016.06.07"]
[Round "2"]
[White "DrHolmes13"]
[Black "dondimi"]
[Result "1/2-1/2"]
[WhiteElo "2383"]
[BlackElo "2427"]
[TimeControl "180+2"]
[EndTime "11:21:00 PDT"]
[Termination "Game drawn - insufficient material"]

1. Nf3 Nf6 2. c4 g6 3. Nc3 Bg7 4. e4 d6 5. d4 O-O 6. Be2 e5 7. O-O exd4 8. Nxd4 Re8 9. f3 c6 10. Bf4 Nh5 11. Be3 Be5 12. f4 Bg7 13. Bxh5 gxh5 14.
Qxh5 Nd7 15. Nf5 Nf6 16. Nh6+ Bxh6 17. Qxh6 Ng4 18. Qh3 f5 19. Rae1 Qf6 20. Qg3 Qg6 21.
h3 Nf6 22. Qxg6+ hxg6 23. exf5 Bxf5 24. Bd4 Ne4 25. g4 Nxc3 26. Bxc3 Bd3 27. Rxe8+ Rxe8 28. Rd1 Re3 29. Bd4 Rxh3 30. Kg2 Be2 31. Kxh3 Bxd1 32. Bxa7 Kf7 33. Kh4 Bc2 34. Kg5 Bb1 35. a3 Ba2 36.
Bb8 Bxc4 37. Bxd6 Bb5 38. Bc5 Bd3 39. Bd4 Bc4 40. f5 gxf5 41. Kxf5 Be6+ 42. Kg5 Bb3 43. Bc3 Bc2 44. Kf4 Bb1 45. Ke5 Kg6 46. Kd6 Bd3 47. Kc7 Ba6 48. Bd2 c5 49. b3 Be2 50. Kxb7 Bxg4 51.
Kb6 Bd1 52. b4 cxb4 53. axb4 Be2 54. b5 Bxb5 55. Kxb5 1/2-1/2